 Dungeon Crawl Stone Soup version 0.30-b1-2-g02819fbbbe (webtiles) character file.

Game seed: 11125657547469789596

4333 striepan the Carver (level 10, -8/93 HPs)
             Began as a Minotaur Monk on Jan 16, 2024.
             Was an Elder of Okawaru.
             Mangled by a hornet (12 damage)
             ... while paralysed by a hornet
             ... on level 9 of the Dungeon.
             The game lasted 00:49:55 (7492 turns).

striepan the Carver (Minotaur Monk)                 Turns: 7492, Time: 00:49:55

Health: -8/93      AC:  4    Str: 16    XL:     10   Next: 12%
Magic:  10/10      EV:  2    Int:  7    God:    Okawaru [****..]
Gold:   409        SH:  0    Dex: 17    Spells: 9/9 levels left

rFire   . . .        O - +1 long sword (venom)
rCold   . . .        d - orb {light}
rNeg    . . .        H - +0 robe {Will+}
rPois   +            (helmet restricted)
rElec   .            (no cloak)
rCorr   .            q - +0 pair of gloves
SInv    .            y - +0 pair of boots
Will    +....        (no amulet)
Stlth   +            j - ring of poison resistance
HPRegen 0.35/turn    (no ring)
MPRegen 0.12/turn

%: no passive effects
@: paralysed, glowing
A: horns 2, retaliatory headbutt
a: Renounce Religion, Heroism, Finesse


You were on level 9 of the Dungeon.
You worshipped Okawaru.
Okawaru was greatly pleased with you.
You visited 2 branches of the dungeon, and saw 10 of its levels.
You also visited: Ossuary.

You collected 409 gold pieces.

Inventory:

Hand Weapons
 a - a +0 falchion
 b - a +0 dagger of venom
 v - a +0 short sword of draining
 I - a +0 dagger of draining
 O - a +1 long sword of venom (weapon)
Missiles
 e - 85 stones (quivered)
 i - 27 poisoned darts
 w - 10 boomerangs
 L - 3 boomerangs of dispersal
 Q - 3 datura-tipped darts
Armour
 d - an orb of light (worn)
 n - a +0 leather armour
 q - a +0 pair of gloves (worn)
 y - a +0 pair of boots (worn)
 z - a +0 ring mail
 H - a +0 robe of willpower (worn)
Magical Staves
 k - a staff of fire
Jewellery
 j - a ring of poison resistance (left hand)
 M - a ring of magical power
 S - an amulet of the acrobat
Wands
 B - a wand of paralysis (24)
 G - a wand of flame (27)
 J - a wand of digging (3)
Scrolls
 f - 2 scrolls of fog {unknown}
 m - 6 scrolls of identify
 o - 4 scrolls of poison {unknown}
 r - 2 scrolls of noise {unknown}
 u - 2 scrolls of brand weapon {unknown}
 x - 2 scrolls of teleportation
 A - a scroll of immolation {unknown}
 K - a scroll of blinking {unknown}
 N - a scroll of butterflies {unknown}
 R - a scroll of enchant armour {unknown}
Potions
 c - 3 potions of ambrosia
 g - 2 potions of curing
 h - 2 potions of attraction
 l - 2 potions of resistance
 p - a potion of berserk rage {unknown}
 s - 6 potions of heal wounds
 t - a potion of mutation {unknown}
 C - a potion of invisibility {unknown}
 D - 2 potions of might {unknown}
 E - 3 potions of cancellation {unknown}
 F - a potion of haste {unknown}
 P - a potion of magic {unknown}


   Skills:
 - Level 10.0 Fighting
 - Level 12.0 Long Blades
 - Level 2.0 Armour
 * Level 8.7 Dodging
 + Level 1.4 Shields
 - Level 2.2 Invocations


You had 9 spell levels left.
You didn't know any spells.
Your spell library contained the following spells:

 Spells                   Type           Power      Damage    Failure   Level
 Shock                    Conj/Air       0%         1d3       43%         1
 Ignite Poison            Fire/Tmut/Pois 0%         N/A       80%         3
 Portal Projectile        Hex/Tloc       0%         N/A       80%         3
 Swiftness                Air            0%         N/A       80%         3
 Airstrike                Air            0%         2d(0-16)  99%         4
 Passage of Golubria      Tloc           0%         N/A       99%         4
 Petrify                  Tmut/Erth      0%         N/A       99%         4
 Sticky Flame             Conj/Fire      0%         2d3       99%         4
 Blade Hands              Tmut           0%         N/A       100%        5
 Metabolic Englaciation   Hex/Ice        0%         N/A       100%        5
 Yara's Violent Unravell  Hex/Tmut       0%         3d3       100%        5
 Statue Form              Tmut/Erth      0%         N/A       100%        6
 Ignition                 Fire           0%         3d3       100%        8
 Tukima's Dance           Hex            Unusable   N/A       N/A         3

Dungeon Overview and Level Annotations

Branches:
Dungeon (9/15)             Temple (1/1) D:6         Ossuary (visited)
   Lair: D:8-11         Orc: D:9-12

Altars:
Ashenzari
Cheibriados
Dithmenos
Elyvilon
Fedhas
Gozag
Hepliaklqana
Kikubaaqudgha
Makhleb
Nemelex Xobeh
Okawaru
Qazlal
Ru
Sif Muna
Trog
Uskayaw
Vehumet
Wu Jian
Yredelemnul
Zin
The Shining One

Shops:
D:3 [   D:8 (*


Innate Abilities, Weirdness & Mutations

You have a pair of horns on your head.
You reflexively headbutt those who attack you in melee.


Message History

You hit the orc warrior.
You kill the orc warrior!
Okawaru accepts your kill.
You hear a shout!
The orc wizard gestures at you while chanting.
The magic dart hits you.
The orc wizard points at you and mumbles some strange words.
The magic dart hits you.
Things that are here:
a +0 dire flail; a +0 plate armour; an orc corpse You are too injured to fight recklessly!
You are too injured to fight recklessly!
You barely miss the orc wizard. Your headbutt misses the orc wizard.
The orc wizard misses you.
You hit the orc wizard.
The orc wizard is moderately wounded.
The orc wizard barely misses you.
You slash the orc wizard!
The orc wizard is poisoned.
The orc wizard is almost dead.
You hit the orc wizard.
You kill the orc wizard!
Okawaru accepts your kill.
You barely miss the hornet. You headbutt the hornet!
The hornet is moderately wounded.
The hornet barely misses you.
A gnoll bouda comes into view. It is wielding a +0 whip.
A wraith comes into view.
You slash the hornet!
The hornet is severely wounded.
The hornet stings you! x2
* * * LOW HITPOINT WARNING * * *
You suddenly lose the ability to move!
The hornet stings you!
* * * LOW HITPOINT WARNING * * *
The gnoll bouda barks out a call to the hunt!
You hear a shout! x3
The hornet stings you.
* * * LOW HITPOINT WARNING * * *
The hornet stings you!
You die...

#........ .#.........
####....... ..........
.....##... #.........
.......# ####+#.........
.......######........o.....
.................W...o.....
...........................
.............###y##........
.............# #@###.......
.....>.......###.# #......
.............'...# ......
##########...##### ...... #
#...# .... # #...# # #...#
# #####


You could see a hornet and a wraith.

Vanquished Creatures
  A wraith (D:9)
  A steam dragon (D:7)
  3 yaks (D:8)
  2 water moccasins
  3 orc warriors
  2 black bears (D:7)
  An ice beast (D:8)
  4 sky beasts
  An ogre (D:5)
  3 centaurs
  2 phantoms
  A bullfrog (D:8)
  A gnoll sergeant (D:8)
  2 elf zombies (Ossuary)
  5 scorpions
  A centaur zombie (Ossuary)
  8 orc priests
  8 hounds
  A human zombie (Ossuary)
  A gnoll bouda (D:7)
  4 iguanas
  2 jellies
  4 sleepcaps
  Terence (D:3)
  11 orc wizards
  2 mummies (Ossuary)
  6 adders
  8 gnolls
  A shadow imp (D:7)
  2 white imps (D:6)
  2 adder zombies (Ossuary)
  2 worms
  2 dart slugs
  36 orcs
  9 ball pythons
  2 bat skeletons (D:3)
  4 bat zombies (D:3)
  7 endoplasms
  4 giant cockroaches
  6 goblins
  12 hobgoblins
  3 jackals (D:5)
  6 quokkas
  6 bats
  4 frilled lizards
  2 goblin zombies (Ossuary)
  11 hobgoblin zombies (Ossuary)
  A jackal zombie (Ossuary)
  9 kobolds
  6 kobold zombies (Ossuary)
  10 orc zombies (Ossuary)
  6 rats
  A rat zombie (Ossuary)
243 creatures vanquished.

Notes
Turn   | Place    | Note
-------+----------+-------------------------------------------
     0 | D:1      | striepan the Minotaur Monk began the quest for the Orb.
     0 | D:1      | Reached XP level 1. HP: 19/19 MP: 0/0
   150 | D:1      | Reached skill level 4 in Long Blades
   297 | D:1      | Reached XP level 2. HP: 25/26 MP: 1/1
   569 | D:1      | Reached skill level 5 in Long Blades
   790 | D:2      | Reached XP level 3. HP: 19/31 MP: 2/2
  1475 | D:3      | Reached XP level 4. HP: 36/39 MP: 3/3
  1477 | D:3      | Reached skill level 6 in Long Blades
  1525 | D:3      | Noticed Terence
  1530 | D:3      | Killed Terence
  1608 | D:3      | Found a glowing silver altar of Zin.
  1624 | D:3      | Reached XP level 5. HP: 35/46 MP: 4/4
  1668 | D:3      | Found the +7 staff of the Meek {protect, meekguard}
  1708 | D:3      | Found an ornate altar of the Wu Jian Council.
  1924 | D:3      | Found Nios's Armour Shoppe.
  1988 | D:3      | Found a bloodstained altar of Trog.
  2074 | D:3      | Found an ancient bone altar of Kikubaaqudgha.
  2083 | D:3      | Reached skill level 7 in Long Blades
  2154 | D:3      | Found a shimmering blue altar of Sif Muna.
  2154 | D:3      | Found a glowing golden altar of the Shining One.
  2169 | D:3      | Found a shadowy altar of Dithmenos.
  2173 | D:3      | Found a faded altar of an unknown god.
  2175 | D:3      | Found a faded altar of an unknown god.
  2310 | D:4      | Found a burning altar of Makhleb.
  2432 | D:4      | Noticed a phantom
  2442 | D:4      | Reached skill level 5 in Fighting
  2446 | D:4      | Killed a phantom
  2447 | D:4      | Reached skill level 1 in Armour
  2447 | D:4      | Reached XP level 6. HP: 56/56 MP: 5/5
  2457 | D:4      | Found a white marble altar of Elyvilon.
  2906 | D:4      | Reached skill level 8 in Long Blades
  3117 | D:5      | Entered Level 5 of the Dungeon
  3130 | D:5      | Reached XP level 7. HP: 60/61 MP: 6/6
  3414 | D:5      | Found a hide-covered altar of Uskayaw.
  3451 | D:5      | Identified the +4 war axe of Woehodgh {freeze, Str+3}
  3492 | D:5      | Found a sparkling altar of Nemelex Xobeh.
  3497 | D:5      | Reached skill level 9 in Long Blades
  3630 | D:5      | Noticed a +0 short sword
  3630 | D:5      | Noticed a +0 dagger
  3631 | D:5      | Noticed a +0 dagger
  3631 | D:5      | Noticed a +0 falchion
  3631 | D:5      | Noticed a +0 spear
  3631 | D:5      | Noticed a +0 falchion
  3632 | D:5      | Noticed a +0 short sword
  3632 | D:5      | Noticed a +0 spear
  3982 | D:6      | Found a staircase to the Ecumenical Temple.
  4037 | D:6      | Reached XP level 8. HP: 62/73 MP: 7/7
  4051 | D:6      | Reached skill level 5 in Dodging
  4322 | Temple   | Entered the Ecumenical Temple
  4330 | Temple   | Became a worshipper of Warmaster Okawaru
  4330 | Temple   | Reached * piety under Okawaru
  4330 | Temple   | Reached ** piety under Okawaru
  4405 | D:6      | Reached skill level 10 in Long Blades
  4849 | D:7      | Reached skill level 11 in Long Blades
  5052 | D:7      | Reached XP level 9. HP: 81/83 MP: 8/8
  5073 | D:7      | Found a stormy altar of Qazlal.
  5362 | D:7      | Reached *** piety under Okawaru
  5896 | D:8      | Found Hueckekk's Weapon Boutique.
  5900 | D:8      | Found Donkye Zygel's Mayhem Merchandise.
  6192 | D:8      | Reached skill level 12 in Long Blades
  6192 | D:8      | Found a snail-covered altar of Cheibriados.
  6225 | D:8      | Found a sand-covered staircase.
  6230 | Ossuary  | Entered an ossuary
  6748 | D:8      | Reached skill level 10 in Fighting
  7120 | D:8      | Reached **** piety under Okawaru
  7121 | D:8      | Reached XP level 10. HP: 78/93 MP: 10/10
  7471 | D:9      | Reached skill level 1 in Shields
  7490 | D:9      | Paralysed by a hornet for 3 turns
  7492 | D:9      | HP: 4/93 [hornet (6)]
  7492 | D:9      | Mangled by a hornet

Illustrated notes

Levels and vault maps discovered:
D:1:      sevenhm_arrival_forest_fort_small_3, layout_loops_ring
D:2:      layout_basic
D:3:      layout_rooms, lightli_temple_of_fire, general_overflow_altar,
          chequers_temple_overflow_minitemple, zin_academy,
          kennysheep_vampire_church, serial_shops,
          nicolae_shop_just_a_little_nook, st_stairs_3, pf_guarded_unrand_meek,
          uniq_terence
D:4:      layout_loops_ring, elyvilon_altar_5, amcnicky_altar_gilded,
          serial_bayou_pond_b
D:5:      layout_rooms, nicolae_uskayaw_en_pointe, mainiacjoe_overflow_boulevard
D:6:      minmay_evil_eye, layout_rooms, minmay_temple_entry_glass
D:7:      layout_basic, grunt_qazlal_sundering
D:8:      layout_rooms, cheibriados_altar_1, serial_co_window_serial,
          co_window_paths_a, co_window_of_opportunity_a, co_window_paths_b,
          co_window_of_opportunity_a, co_window_paths_b,
          co_window_of_opportunity_a, co_window_2corner,
          co_window_of_opportunity_b, co_window_of_opportunity_b,
          co_window_4corner_a, co_window_4corner_b, glass_columns_a,
          glass_columns_a, glass_columns_b, serial_shops, nicolae_stop_n_shop_1,
          enter_ossuary_2, minmay_shop_mayhem, eino_tiny_chamber
D:9:      layout_basic, xom_shifter_show, lair_entry_dummy, serial_corexii_hall,
          corexii_hall_statues_t, chequers_hall_statues_wall_a
Temple:   nicolae_temple_colour_theory

Skill      XL: |  1  2  3  4  5  6  7  8  9 10 |
---------------+-------------------------------+-----
Long Blades    | 4 5 6 7 8 9 11 12 | 12.0
Fighting       | 4 5 7 9 10 | 10.0
Dodging        | 4 5 8 |  8.7
Armour         | 1 2 |  2.0
Invocations    | 2 |  2.2
Shields        | 1 |  1.4

Action                     |  1- 3 |  4- 6 |  7- 9 | 10-12 || total
---------------------------+-------+-------+-------+-------++-------
  Melee: Falchion          |    75 |   113 |   312 |       ||   500
         Headbutt          |    14 |    27 |   114 |    11 ||   166
         Long sword        |       |       |   110 |    20 ||   130
 Invoke: Heroism           |       |       |     3 |     1 ||     4
    Use: Scroll            |       |     3 |     3 |       ||     6
         Potion            |       |       |     2 |       ||     2
 Armour: Robe              |     8 |       |    39 |       ||    47
         Leather armour    |     6 |    39 |    30 |       ||    75
  Dodge: Dodged            |    42 |    64 |   216 |     7 ||   329
